 Dungeon Crawl Stone Soup version 0.17-a0-670-g5d95ebd (webtiles) character file.

118 Chiseanne the Sneak (level 5, -1/36 HPs)
             Began as an Octopode Wanderer on Apr 18, 2015.
             Slain by a gnoll
             ... wielding a +0 halberd
              (7 damage)
             ... on level 3 of the Dungeon.
             The game lasted 00:07:31 (3336 turns).

Chiseanne the Sneak (Octopode Wanderer)             Turns: 3336, Time: 00:07:31

Health: -1/36      AC:  1    Str: 13    XL:     5   Next: 2%
Magic:  5/5        EV: 12    Int: 14    God:
Gold:   106        SH:  3    Dex: 11    Spells: 0 memorised, 4 levels left

rFire  . . .     SeeInvis .     a - +2 mace
rCold  . . .     Clarity  .     c - +0 buckler
rNeg   . . .     SustAb   .     (helmet restricted)
rPois  .         Gourm    .     (no amulet)
rElec  .         Spirit   .     b - ring of protection from magic
rCorr  .         Warding  .     (no ring)
rMut   .         Stasis   .     (no ring)
MR     +....                    (no ring)
Stlth  ++++......               (no ring)
                                (no ring)
                                (no ring)
                                (no ring)

@: somewhat resistant to hostile enchantments, stealthy
A: almost no armour, amphibious, 8 rings, constrict 8, camouflage 1, gelatinous
body 1
a: no special abilities


You were on level 3 of the Dungeon.
You were hungry.

You visited 1 branch of the dungeon, and saw 3 of its levels.

You collected 106 gold pieces.

Inventory:

Hand weapons
 a - a +2 mace (weapon)
 m - a +2 dagger of freezing
 w - a +0 hunting sling of velocity
Missiles
 i - 18 poisoned needles
Armour
 c - a +0 buckler (worn)
 e - a +0 large shield
Jewellery
 b - a ring of protection from magic (left tentacle)
Potions
 g - a potion of brilliance {unknown}
 h - a potion of cancellation {unknown}
 j - a potion of invisibility {unknown}
 k - a potion of haste {unknown}
Comestibles
 d - 2 slices of pizza
 f - 2 bread rations
 l - a beef jerky


   Skills:
 * Level 3.3 Fighting
 - Level 1.0 Short Blades
 * Level 3.1 Maces & Flails
 * Level 2.2 Dodging
 - Level 4.0 Stealth
 * Level 1.4 Shields
   Level 1.1 Evocations


You had 4 spell levels left.
You didn't know any spells.

Dungeon Overview and Level Annotations

Branches:
Dungeon (3/15)

Altars:
Ashenzari
Okawaru


Innate Abilities, Weirdness & Mutations

You cannot wear most types of armour.
You are amphibious.
You can wear up to eight rings at the same time.
You can use your tentacles to constrict eight enemies at once.
Your skin changes colour to match your surroundings (Stealth).
Your rubbery body absorbs attacks (AC +1).


Message History

The orc barely misses you.
The gnoll hits you from afar with a halberd!
You hit the orc. Your grab misses the orc.
The orc is severely wounded.
The orc barely misses you. The gnoll barely misses you.
You barely miss the orc. You grab the orc. You squeeze the orc.
The orc is almost dead.
You constrict the orc.
You kill the orc!
The gnoll barely misses you.
The gnoll hits you from afar with a halberd!
* * * LOW HITPOINT WARNING * * *
Found 9 gold pieces and a scroll labeled PEQI KECKO.
Things that are here:
a whip; an orc corpse; an orc corpse You hit the gnoll.
Your grab misses the gnoll.
The gnoll is moderately wounded.
The gnoll closely misses you.
The gnoll hits you from afar with a halberd!
You die...

. ..? # .. ... ..
##.$ ###.. #. #..
#.... #. #{. .
#(#[# .## #g# #.
#.#.# ..# #g# #.
#.#.# #.# #@# #.
#.#.# #.# #)# #.
#.#.# ##)###.#
#.###.#.###.#.##.#
#......#.#.###>#.#
#.....###.## ##..#
##.###.#.#.# #.###
#.# #.# #.#.## #.#
#.# #.#


You could see 2 gnolls.

Vanquished Creatures
  2 gnolls
  3 adders
  An ooze (D:2)
  A worm (D:2)
  2 giant geckos
  3 orcs
  4 bats
  5 giant cockroaches
  7 hobgoblins
  6 jackals (D:2)
  A quokka (D:2)
  5 giant newts
  6 goblins
  5 kobolds
  11 rats
62 creatures vanquished.

Notes
Turn   | Place    | Note
--------------------------------------------------------------
     0 | D:1      | Chiseanne, the Octopode Wanderer, began the quest for the Orb.
     0 | D:1      | Chiseanne set off with: a +2 mace, a +0 spear, a +0 buckler, a +0 dagger, a bread ration
     0 | D:1      | Reached XP level 1. HP: 14/14 MP: 1/1
   267 | D:1      | Reached XP level 2. HP: 19/19 MP: 2/2
   679 | D:1      | Reached skill level 1 in Dodging
  1004 | D:2      | Reached XP level 3. HP: 16/25 MP: 3/3
  1452 | D:2      | Found a shattered altar of Ashenzari.
  2189 | D:2      | Reached XP level 4. HP: 19/30 MP: 4/4
  2534 | D:2      | Found an iron altar of Okawaru.
  3331 | D:3      | Reached XP level 5. HP: 29/36 MP: 5/5
  3336 | D:3      | Slain by a gnoll

Action                   |  1- 3 |  4- 6 || total
-------------------------+-------+-------++-------
Melee: Mace              |    82 |    41 ||   123
  Use: Scroll            |     2 |     1 ||     3
 Stab: Sleeping          |     3 |     3 ||     6
  Eat: Chunk             |     3 |     4 ||     7
